 Dungeon Crawl Stone Soup version 0.23.2-33-g5129a83184 (webtiles) character file.

Game seed: 15389881033876035383

2231 Exodus22XD the Covert (level 9, -3/38 HPs)
             Began as a Felid Enchanter on June 28, 2019.
             Slain by a troll (14 damage)
             ... on level 10 of the Dungeon.
             The game lasted 01:37:57 (12585 turns).

Exodus22XD the Covert (Felid Enchanter)            Turns: 12585, Time: 01:37:58

Health: -3/38      AC:  2    Str:  4    XL:     9   Next: 14%
Magic:  12/13      EV: 24    Int: 17    God:
Gold:   427        SH:  0    Dex: 24    Spells: 5/12 levels left
                                        Lives:  0   Deaths: 2

rFire    . . .     SeeInvis +     - Unarmed
rCold    . . .     Gourm    .   (shield unavailable)
rNeg     . . .     Faith    .   (armour unavailable)
rPois    .         Spirit   .   (helmet unavailable)
rElec    .         Reflect  .   (cloak unavailable)
rCorr    .         Harm     .   (gloves unavailable)
MR       +....                  (boots unavailable)
Stlth    ++++++....             (no amulet)
HPRegen  0.12/turn              d - +5 ring of dexterity
MPRegen  0.13/turn              (no ring)

@: confusing touch, quick
A: very small, no armour, no weapons or thrown items, stealth, claws 1, fangs 3,
see invisible, carnivore, speed 1, shaggy fur 2, slow metabolism 1, sharp paws
a: no special abilities


You were on level 10 of the Dungeon.
You were full.

You visited 2 branches of the dungeon, and saw 11 of its levels.
You also visited: Ossuary.

You collected 427 gold pieces.

Inventory:

Jewellery
 d - a +5 ring of dexterity (left paw)
 h - an uncursed ring of fire
 A - an uncursed ring of ice
 B - a +1 ring of slaying {unknown}
Wands
 q - a wand of flame (33)
 y - a wand of polymorph (10)
Scrolls
 e - 4 scrolls of teleportation
 g - 4 scrolls of remove curse
 j - a scroll of blinking {unknown}
 l - 2 scrolls of magic mapping {unknown}
 m - a scroll of acquirement {unknown}
 s - 2 scrolls of immolation
 v - a scroll of amnesia {unknown}
 w - a scroll of fog {unknown}
 x - a scroll of summoning {unknown}
 z - a scroll of holy word {unknown}
Potions
 a - 2 potions of resistance
 c - a potion of might
 f - 4 potions of agility
 i - 3 potions of heal wounds
 k - a potion of mutation
 n - a potion of brilliance {unknown}
 o - a potion of flight {unknown}
 p - 2 potions of magic {unknown}
 r - a potion of lignification {unknown}
 t - 2 potions of haste {unknown}
 u - 3 potions of curing
Comestibles
 b - 25 rations


   Skills:
 - Level 3.3 Fighting
 - Level 6.5 Dodging
 - Level 13.5 Stealth
 - Level 7.0 Unarmed Combat
 - Level 2.0 Spellcasting
 - Level 10.1 Hexes
 + Level 2.3 Evocations


You had 5 spell levels left.
You knew the following spells:

 Your Spells              Type           Power        Failure   Level  Hunger
a - Corona                Hex            #####..      1%          1    #......
b - Confuse               Hex            #####...     1%          3    ###....
c - Ensorcelled Hibernat  Hex/Ice        ###...       3%          2    ###....
d - Confusing Touch       Hex            #####.       1%          1    #......

Your spell library contained the following spells:

 Spells                   Type           Power        Failure   Level  Hunger
 Tukima's Dance           Hex            #####...     1%          3    ###....
 Dazzling Spray           Conj/Hex       ###...       8%          3    ###....
 Gell's Gravitas          Tloc           #.........   50%         3    ###....
 Metabolic Englaciation   Hex/Ice        ###.......   56%         5    ######.
 Yara's Violent Unravell  Hex/Tmut       ###.......   56%         5    ######.
 Petrify                  Tmut/Erth      #.......     88%         4    #####..


Dungeon Overview and Level Annotations

Branches:
Dungeon (10/15)            Temple (1/1) D:7
   Lair: D:8-11         Orc: D:9-12

Altars:
Ashenzari
Cheibriados
Elyvilon
Fedhas
Hepliaklqana
Kikubaaqudgha
Makhleb
Nemelex Xobeh
Okawaru
Qazlal
Ru
Sif Muna
Trog
Uskayaw
Wu Jian
Xom
Yredelemnul
Zin
The Shining One

Shops:
D:10 *%}

Annotations:
D:3 Sigmund


Innate Abilities, Weirdness & Mutations

You cannot wear armour.
You are incapable of wielding weapons or throwing items.
Your paws allow you to move quietly. (Stealth)
You have sharp claws.
You have razor-sharp teeth.
You have supernaturally acute eyesight. (SInv)
You are carnivorous and can eat meat at any time.
You cover ground quickly.
You are covered in thick fur. (AC +2)
You have a slow metabolism.
Your sharp claws are effective at attacking unaware monsters.


Message History

Eating a chunk of flesh.
You eat the chunk of flesh.
This raw flesh tastes great.
You start resting.
A troll comes into view.
Things that are here:
a +0 giant club; an ogre corpse
There is an entrance to Futep's Gadget Emporium here.
A troll is nearby!
You closely miss the troll.
The troll shouts!
Casting: Confusing Touch (safe; 1% risk of failure)
Confirm with . or Enter, or press ? or * to list all spells.
Your paws begin to glow red.
The troll bites you! The troll barely misses you. The troll claws you!
* * * LOW HITPOINT WARNING * * *
You barely miss the troll. You bite the troll, but do no damage.
The troll completely misses you. x3
You closely miss the troll. Your bite misses the troll.
The troll closely misses you. The troll claws you!
You die...

#.........#
#.........#
###<8.......#
#...........#
#.8.∩.8.....#
###.........#
#.8.......#
#)...T#.#.#
#.....@∩..#
#.....#.#.#
#.....)...#
#.........#
#>........#
#.........÷#
#..##......#
#.# ##.....#
# ##....#


You could see a troll.

Vanquished Creatures
  A two-headed ogre (D:8)
  A troll (D:9)
  A hungry ghost (D:10)
  A steam dragon (D:8)
  2 black bears
  2 ice beasts (D:10)
  3 orc warriors
  A sky beast (D:9)
  3 phantoms
  5 ogres
  2 big kobolds (D:8)
  3 bullfrogs
  2 water moccasin zombies (Ossuary)
  A wyvern skeleton (D:9)
  3 howler monkeys
  7 crimson imps
  3 jellies
  5 hounds
  A bullfrog skeleton (D:4)
  An orc priest (D:6)
  8 orc wizards
  12 worker ants
  A big kobold zombie (Ossuary)
  A hound skeleton (D:10)
  2 mummies (Ossuary)
  A worker ant zombie (D:5)
  5 gnolls
  11 adders
  An ooze (D:1)
  7 adder zombies
  An adder skeleton (D:4)
  2 worms (D:2)
  2 dart slugs
  5 leopard geckos
  17 orcs
  2 ball pythons
  5 giant cockroaches
  9 goblins
  3 hobgoblins
  8 jackals
  3 quokkas
  5 bats
  3 frilled lizards
  6 gnoll zombies (Ossuary)
  4 hobgoblin zombies (Ossuary)
  2 jackal skeletons (D:4)
  8 kobolds
  4 kobold zombies (Ossuary)
  A leopard gecko skeleton (D:4)
  6 rats
193 creatures vanquished.

Notes
Turn   | Place    | Note
-------+----------+-------------------------------------------
     0 | D:1      | Exodus22XD the Felid Enchanter began the quest for the Orb.
     0 | D:1      | Reached XP level 1. HP: 7/7 MP: 4/4
   295 | D:2      | Noticed a worker ant
   348 | D:2      | Reached skill level 5 in Stealth
   348 | D:2      | Reached XP level 2. HP: 11/11 MP: 6/6
   993 | D:2      | Reached XP level 3. HP: 5/14 MP: 5/7
  1193 | D:2      | Found a deep blue altar of Sif Muna.
  1444 | D:1      | Learned a level 3 spell: Confuse
  1871 | D:2      | Reached skill level 6 in Stealth
  1871 | D:2      | Reached XP level 4. HP: 14/18 MP: 4/8
  3190 | D:3      | Noticed Sigmund
  3462 | D:3      | Learned a level 2 spell: Ensorcelled Hibernation
  3633 | D:3      | Reached XP level 5. HP: 15/21 MP: 6/9
  3904 | D:3      | Reached skill level 7 in Stealth
  4794 | D:4      | Reached skill level 8 in Stealth
  4794 | D:4      | Gained mutation: You are covered in thick fur. (AC +2)
                  | [Felid growth]
  4794 | D:4      | Reached XP level 6. HP: 21/24 MP: 6/10
  5332 | D:4      | Found a burning altar of Makhleb.
  5333 | D:4      | Found a white marble altar of Elyvilon.
  5457 | D:5      | Entered Level 5 of the Dungeon
  5470 | D:5      | Reached skill level 9 in Stealth
  5787 | D:5      | HP: 1/24 [worker ant (7)]
  5793 | D:5      | Reached XP level 7. HP: 20/27 MP: 1/11
  6973 | D:5      | Reached skill level 5 in Unarmed Combat
  7235 | D:6      | Reached skill level 10 in Stealth
  7717 | D:6      | Reached XP level 8. HP: 31/31 MP: 12/12
  8323 | D:6      | Reached skill level 11 in Stealth
  8632 | D:7      | Found a sand-covered staircase.
  8642 | Ossuary  | Entered an ossuary
  9318 | D:7      | Found a staircase to the Ecumenical Temple.
  9336 | D:7      | Reached skill level 5 in Hexes
  9353 | Temple   | Entered the Ecumenical Temple
  9816 | D:7      | Found a white marble altar of Elyvilon.
 10049 | D:8      | Found a hide-covered altar of Uskayaw.
 10055 | D:8      | Found a bloodstained altar of Trog.
 10067 | D:8      | Found an ornate altar of the Wu Jian Council.
 10070 | D:8      | Found an iron altar of Okawaru.
 10365 | D:8      | Reached skill level 1 in Fighting
 10664 | D:8      | Reached XP level 9. HP: 37/37 MP: 9/13
 10904 | D:8      | Reached skill level 5 in Dodging
 10905 | D:8      | Noticed a two-headed ogre
 10927 | D:8      | Killed from afar by an orc wizard
 10928 | D:8      | Reached XP level 8. HP: -8/34 MP: 12/12
 11292 | D:8      | Learned a level 1 spell: Confusing Touch
 11307 | D:8      | Reached skill level 12 in Stealth
 11434 | D:8      | Killed a two-headed ogre
 11434 | D:8      | Reached skill level 10 in Hexes
 11434 | D:8      | Reached XP level 9. HP: 38/38 MP: 6/13
 11867 | D:9      | HP: 1/38 [hippogriff (5)]
 11870 | D:9      | Slain by a steam dragon
 11871 | D:9      | Reached XP level 8. HP: 0/34 MP: 7/12
 11885 | D:9      | Noticed a troll
 11925 | D:9      | Killed a troll
 11930 | D:9      | Reached skill level 13 in Stealth
 12294 | D:10     | Entered Level 10 of the Dungeon
 12294 | D:10     | Found a snail-covered altar of Cheibriados.
 12294 | D:10     | Found Qusmaapp's Food Emporium.
 12339 | D:10     | Found Afot's General Store.
 12341 | D:10     | Reached XP level 9. HP: 17/38 MP: 10/13
 12529 | D:10     | Found Futep's Gadget Emporium.
 12545 | D:10     | Reached skill level 1 in Evocations
 12577 | D:10     | Noticed a troll
 12585 | D:10     | Slain by a troll

Skill      XL: |  1  2  3  4  5  6  7  8  9 |
---------------+----------------------------+-----
Stealth        | 5 6 8 9 10 13 | 13.5
Unarmed Combat | 2 3 4 6 7 |  7.0
Dodging        | 4 6 |  6.5
Hexes          | 10 | 10.1
Fighting       | 2 3 |  3.3
Evocations     | 2 |  2.3
Spellcasting   | |  2.0

Action                   |  1- 3 |  4- 6 |  7- 9 || total
-------------------------+-------+-------+-------++-------
Melee: Unarmed           |    96 |   135 |   393 ||   624
       Bite              |     9 |     6 |    44 ||    59
       Punch             |     1 |     2 |    12 ||    15
 Cast: Corona            |    23 |     1 |       ||    24
       Confuse           |     5 |    42 |    74 ||   121
       Ensorcelled Hiber |       |     7 |       ||     7
       Confusing Touch   |       |       |    21 ||    21
  Use: Scroll            |       |     8 |     5 ||    13
       Potion            |       |     2 |     4 ||     6
 Stab: Sleeping          |     7 |    17 |    34 ||    58
       Confused          |     3 |    20 |    50 ||    73
       Distracted        |       |     2 |     4 ||     6
  Eat: Chunk             |    10 |    10 |    25 ||    45
Armor: Skin              |    10 |     6 |    22 ||    38
Dodge: Dodged            |   124 |    84 |   268 ||   476
